 Dungeon Crawl Stone Soup version 0.30-a0-738-g116ff8c4af (webtiles) character file.

Game seed: 6992955654010568725

186469 Lobster4 the Warrior (level 18, -3/145 HPs)
             Began as a Djinni Hedge Wizard on Jan 31, 2023.
             Was the Champion of Nemelex Xobeh.
             Slain by an orc knight
             ... wielding a +0 bardiche
              (27 damage)
             ... on level 2 of the Orcish Mines on Feb 4, 2023.
             The game lasted 03:10:11 (44442 turns).

Lobster4 the Warrior (Djinni Hedge Wizard)         Turns: 44442, Time: 03:10:12

Health: -3/145     AC: 14    Str:  9    XL:     18   Next: 70%
Gold:   2917       EV: 17    Int: 24    God:    Nemelex Xobeh [******] SH:  0 Dex: 13

rFire   + + +      SeeInvis +    a - staff of fire
rCold   + + .      Faith    .    (no shield)
rNeg    + + +      Spirit   +    P - +4 skin of Zhor {*Englaciate rC+++ SInv}
rPois   ∞          Reflect  .    V - +1 helmet
rElec   +          Harm     .    r - +2 cloak
rCorr   +          Rampage  .    J - +1 pair of gloves
Will    +....                    (boots unavailable)
Stlth   ++                       d - amulet of Imyw {Spirit rCorr}
HPRegen 0.44/turn                c - ring of protection from cold
MPRegen 0.00/turn                t - ring of Nafyimax {rElec rPois rC- rN+++ rCorr}

@: forested, flying, very slightly contaminated
A: sickness immunity, fire resistance 2, cold vulnerability 1, float, innate
caster, HP casting, extra vitality 1
}: 1/15 runes: decaying
a: Renounce Religion, Draw Escape, Draw Destruction, Draw Summoning, Triple
Draw, Deal Four, Stack Five


You were on level 2 of the Orcish Mines.
You worshipped Nemelex Xobeh.
Nemelex Xobeh was exalted by your worship.
You visited 6 branches of the dungeon, and saw 28 of its levels.
You also visited: Ice Cave.

You collected 3169 gold pieces.
You spent 252 gold pieces at shops.

Inventory:

Hand Weapons
 s - a +3 sling of flaming
 x - a +1 flail of holy wrath
 R - the +1 mace "Hakoss" {venom, Str+3}
   (You found it on level 5 of the Lair of Beasts)

   Str:       It affects your strength (+3).
 S - a +0 demon whip of venom
Missiles
 o - 3 boomerangs of dispersal
 y - 2 throwing nets
 D - 21 boomerangs (quivered)
 K - 6 javelins
 M - 6 atropa-tipped darts
 O - 30 poisoned darts
Armour
 j - a +2 kite shield of protection
 k - a +0 robe of willpower
 r - a +2 cloak (worn)
 J - a +1 pair of gloves (worn)
 P - the +4 skin of Zhor (worn) {*Englaciate rC+++ SInv}
   (You took it off an orc on level 9 of the Dungeon)

   *Englaciate: It radiates cold, occasionally slowing all nearby creatures who
   are not resistant to cold.
   rC:        It renders you almost immune to cold.
   SInv:      It lets you see invisible.
 V - a +1 helmet (worn)
Magical Staves
 a - a staff of fire (weapon)
Jewellery
 c - a ring of protection from cold (left hand)
 d - the amulet of Imyw (around neck) {Spirit rCorr}
   (You found it in an ice cave)

   [amulet of guardian spirit]

   It causes incoming damage to be divided between your reserves of health and
   magic.
   rCorr:     It protects you from acid and corrosion.
 t - the ring of Nafyimax (right hand) {rElec rPois rC- rN+++ rCorr}
   (You found it on level 2 of the Dungeon)

   [ring of poison resistance]

   rC:        It makes you vulnerable to cold.
   rElec:     It insulates you from electricity.
   rPois:     It protects you from poison.
   rN:        It renders you almost immune to negative energy.
   rCorr:     It protects you from acid and corrosion.
 z - a ring of see invisible
Wands
 e - a wand of light (1)
 n - a wand of roots (22)
 v - a wand of digging (6)
 B - a wand of mindburst (8)
 G - a wand of paralysis (15)
 L - a wand of flame (43)
Scrolls
 g - 14 scrolls of identify
 h - 3 scrolls of magic mapping
 i - a scroll of acquirement
 p - a scroll of enchant armour
 q - a scroll of fog
 w - 3 scrolls of silence
 A - 7 scrolls of immolation
 E - 3 scrolls of enchant weapon
 H - 2 scrolls of teleportation
 T - 2 scrolls of brand weapon
Potions
 b - a potion of heal wounds
 f - 3 potions of haste
 l - 4 potions of resistance
 m - 4 potions of lignification
 u - 5 potions of brilliance
 C - 12 potions of might
 I - a potion of curing
Miscellaneous
 F - a lightning rod (4/4)
 W - a condenser vane (inert)


   Skills:
 + Level 18.1 Fighting
 - Level 3.0 Staves
 - Level 8.0 Armour
 + Level 11.0 Dodging
 - Level 2.0 Stealth
 + Level 8.5 Shields
 * Level 14.5 Spellcasting
 - Level 5.0 Invocations
 - Level 11.3 Evocations


You had 6 spell levels left.
You knew the following spells:

 Your Spells              Type           Power      Damage    Failure   Level
a - Magic Dart            Conj           100%       1d8       0%          1
b - Searing Ray           Conj           100%       2d8       0%          2
c - Necrotise             Necr           100%       1d9       0%          1
d - Call Imp              Summ           72%        N/A       0%          2
e - Mephitic Cloud        Conj/Pois/Air  72%        N/A       1%          3
f - Lesser Beckoning      Tloc           100%       N/A       0%          2
g - Slow                  Hex            100%       N/A       0%          1
h - Blink                 Tloc           100%       N/A       0%          2
i - Animate Dead          Necr           72%        N/A       1%          4
j - Cause Fear            Hex            36%        N/A       1%          4
k - Summon Forest         Summ/Tloc      36%        N/A       1%          5
l - Death Channel         Necr           36%        N/A       1%          6
m - Ozocubu's Refrigerat  Ice            36%        4d15      7%          7
Your spell library was empty.

Dungeon Overview and Level Annotations

Branches:
Dungeon (15/15)            Temple (1/1) D:6            Lair (5/5) D:11
  Swamp (4/4) Lair:3       Spider (1/4) Lair:3        Slime (0/5) Lair:4
    Orc (2/2) D:9             Elf (0/3) Orc:2        Vaults (0/5) D:14
 Depths (0/4) D:15          IceCv (visited)

Altars:
Ashenzari
Cheibriados
Dithmenos
Elyvilon
Fedhas
Gozag
Hepliaklqana
Makhleb
Nemelex Xobeh
Okawaru
Qazlal
Ru
Trog
Uskayaw
Wu Jian
Xom
Yredelemnul
Zin
The Shining One
Jiyva

Shops:
D:2 !   Orc:2 !*

Portals:
Abyss: D:4

Annotations:
D:8 1 exclusion
D:15 1 runed translucent door, Huashrat's ghost, adept FoFi


Innate Abilities, Weirdness & Mutations

You are immune to sickness and miasma.
You are immune to poison.
Your flesh is very heat resistant. (rF++)
You are vulnerable to cold. (rC-)
You float through the air rather than walking.
You learn spells naturally, not from books.
Your magical power is your life essence.
You have superior vitality. (+4 MHP)


Message History

Your spectral orc wizard hits the orc warlord but does no damage.
Casting: Searing Ray (safe; 0% risk of failure)
Confirm with . or Enter, or press ? or * to list all spells.
Really refrigerate near your spectral orc wizard?
Okay, then.
Casting: Ozocubu's Refrigeration (dangerous; 7% risk of failure)
Confirm with . or Enter, or press ? or * to list all spells.
Really refrigerate near your spectral orc wizard?
You miscast Ozocubu's Refrigeration.
You are very lightly contaminated with residual magic.
You feel extremely cold. You resist.
The orc warlord hits your spectral orc wizard with a +0 war axe of draining!!
Your spectral orc wizard is destroyed!
The orc knight misses you.
Okay, then.
Okay, then.
Clouds of freezing vapour condense around you!
The condenser dries out!
Your unholy channel expires.
The orc warrior is no longer moving slowly.
The orc knight is engulfed in freezing vapours.
The orc knight closely misses you.
The orc priest is engulfed in freezing vapours.
The orc warrior is engulfed in freezing vapours. x2
The orc warrior hits you with a +0 war axe!!
The orc warlord shouts!
Really fly into that cloud of freezing vapour?
Okay, then.
The orc knight attacks as you move away!
The orc knight hits you with a +0 bardiche!!!
* * * LOW HITPOINT WARNING * * *
You hear a shout!
The orc warrior is engulfed in freezing vapours.
The orc warrior throws a boomerang.
The boomerang completely misses you.
The orc warlord is engulfed in freezing vapours.
The orc warlord roars a battlecry!
The orc knight is engulfed in freezing vapours.
The orc knight hits you from afar with a +0 bardiche!!
You die...
Your body glows slightly and disappears.

##..............#..........####
##..#.#.[..................# .
######.#..##......~~...#.#.#
#....[.♣....)[.≈~.......# ##
##..#........[[≈≈~......## .###
#....#.♣♣...[.#≈~~.....##
...######..####.......♣.~#.....#
....##.#...# ##....[...#........
##.##.....## ♣♣@§§§...♣.#.....#.
#....#....# ♣.§.o§.#........^.
...†.o...## ♣§§o§§............
...oo..### #§§oo§.....♣..
....#.## #o.o§§#..#♣##.. .Z..###
#♣§§o§#.♣# .4.#.## ♣8.§§8###
.4....## ♣)♣§§§♣ .##....#
#).).)#


You could see an orc warlord (strong), an orc knight (strong), 4 orc warriors
and an orc priest (strong).

Vanquished Creatures
  A shard shrike (IceCv)
  Gastronok (Lair:3)
  Nessos (D:14)
  An eleionoma (Swamp:3)
  A bunyip (Swamp:3)
  A white draconian (IceCv)
  An ettin (D:15)
  A shambling mangrove (Swamp:2)
  7 hydras
  4 vault guards (D:14)
  3 ironbound frosthearts (IceCv)
  A catoblepas (Lair:3)
  2 centaur warriors (D:15)
  2 boulder beetles
  2 alligators
  3 two-headed ogres
  3 death yaks (Lair:1)
  2 goliath frogs
  Lodul (D:14)
  A spriggan simulacrum (D:14)
  A swamp dragon (Swamp:3)
  A wizard (D:14)
  5 bog bodies
  A deep elf pyromancer (D:14)
  A necromancer (D:15)
  2 orc knights
  A manticore (D:13)
  5 cyclopes
  7 ugly things
  A will-o-the-wisp (Swamp:3)
  4 elephants
  A black mamba (shapeshifter) (D:14)
  12 cane toads
  4 black mambas
  An orange demon (Lair:1)
  A gargoyle (D:14)
  An unseen horror (D:12)
  4 torpor snails
  A catoblepas zombie (D:15)
  6 rime drakes
  13 komodo dragons
  A tengu conjurer (D:15)
  6 trolls
  5 hornets
  10 blink frogs
  9 polar bears (IceCv)
  8 dream sheep
  A culicivora (Lair:3)
  3 slime creatures (D:15)
  A spriggan (Swamp:3)
  3 wraiths
  A vampire (D:10)
  4 wyverns
  A slime creature zombie (D:15)
  A small abomination (D:4)
  19 yaks
  6 basilisks
  Menkaure (D:6)
  A harpy simulacrum (D:14)
  3 minotaur simulacra (D:14)
  5 vampire mosquitoes
  3 swamp worms
  A human zombie (D:14)
  An acid dragon (D:12)
  16 water moccasins
  3 swamp drakes
  13 orc warriors
  An ice beast (D:5)
  A sky beast (D:7)
  A black bear (D:11)
  17 wolves
  9 centaurs
  14 ogres
  A phantom (D:6)
  A vampire mosquito zombie (D:15)
  2 kobold brigands (D:11)
  2 gnoll sergeants
  11 bullfrogs
  2 deep troll simulacra (D:14)
  3 scorpions
  A water moccasin zombie (Lair:5)
  5 wights (D:9)
  10 killer bees
  3 howler monkeys
  6 electric eels
  4 hounds
  A jelly (Lair:4)
  Crazy Yiuf (D:3)
  2 gnoll boudas
  8 orc priests
  An iguana (D:4)
  12 orc wizards
  5 hell rats (Lair:4)
  Robin (D:3)
  15 gnolls
  3 adders
  2 ufetubi
  2 worms
  3 dart slugs
  50 orcs
  4 ball pythons
  5 endoplasms
  3 giant cockroaches
  13 goblins
  8 hobgoblins
  7 jackals
  17 kobolds
  A quokka (D:3)
  4 bats
  A frilled lizard (D:1)
  3 rats (D:1)
  A snaplasher vine (D:15)
505 creatures vanquished.

Vanquished Creatures (collateral kills)
  the Lernaean hydra (Swamp:4)
  Nikola (Swamp:1)
  A tentacled monstrosity (Swamp:3)
  2 thorn hunters
  2 fenstrider witches
  Louise (Swamp:4)
  4 ghouls
  A quicksilver ooze (Swamp:4)
  3 eleionomae (Swamp:3)
  5 bunyips
  Josephine (D:14)
  5 shambling mangroves
  The ghost of superbruh the Cleaver, a journeyman MiFi of Xom (Lair:2)
  10 hydras
  An ironbound frostheart (IceCv)
  3 ghost crabs (Swamp:3)
  2 centaur warriors
  3 catoblepae
  2 boulder beetles
  2 two-headed ogres
  A deep troll shaman (Lair:5)
  13 alligators
  4 tengu warriors
  5 death yaks (Lair:5)
  2 orc high priests (Orc:2)
  Amaemon (Lair:1)
  2 deep trolls (D:15)
  2 goliath frogs
  8 swamp dragons
  A spriggan druid (Swamp:1)
  An orange crystal statue (IceCv)
  10 bog bodies
  A wizard (D:10)
  A deep elf pyromancer (D:13)
  A manticore (D:15)
  3 ugly things
  2 orc sorcerers (Orc:2)
  A cyclops (D:15)
  2 will-o-the-wisps
  A toenail golem (D:4)
  A guardian serpent (Lair:4)
  8 elephants (Lair:5)
  2 gargoyles
  A black mamba (shapeshifter) (D:15)
  4 cane toads
  14 rime drakes (IceCv)
  A tengu conjurer (D:15)
  3 komodo dragons (Lair:5)
  3 bloated husks
  10 polar bears (IceCv)
  A troll (D:12)
  12 tyrant leeches
  The ghost of olddryhag the Chopper, an amateur DsGl (D:4)
  9 blink frogs
  11 hornets
  4 dream sheep
  6 slime creatures (D:15)
  A jumping spider (Spider:1)
  A dire elephant simulacrum (D:14)
  9 spriggans
  3 wraiths (D:14)
  11 yaks
  A basilisk (Lair:4)
  4 vampire mosquitoes
  9 swamp worms
  A nameless horror (Lair:5)
  7 orc warriors (Orc:2)
  5 water moccasins
  11 swamp drakes
  2 black bears (Lair:5)
  10 wolves
  2 centaurs (D:13)
  Blork the orc (Orc:2)
  3 bullfrogs
  A necrophage (Swamp:4)
  2 howler monkeys (D:13)
  2 electric eels (Lair:1)
  6 orc priests (Orc:2)
  2 orc wizards (Orc:2)
  A gnoll (D:9)
  An ufetubus (D:4)
  4 orcs (Orc:2)
  A kobold (D:4)
  8 briar patches (Swamp:2)
  A butterfly (Swamp:1)
314 creatures vanquished.

Vanquished Creatures (others)
  2 bunyips (Swamp:1)
  A fenstrider witch zombie (Swamp:4)
  3 bunyip zombies
  A spriggan druid (Swamp:3)
  3 ugly thing zombies (IceCv)
  A swamp worm zombie (Swamp:3)
  A white draconian zombie (IceCv)
  6 hydra zombies
  A bloated husk (Swamp:4)
  4 alligator zombies
  A spriggan (Swamp:3)
  A tyrant leech zombie (Swamp:3)
  A slime creature zombie (D:15)
  4 spriggan zombies
  A deep troll zombie (D:15)
  4 human zombies
  2 cane toad zombies
  A manticore zombie (D:13)
  4 hornet zombies (Swamp:3)
  3 blink frog zombies (Lair:1)
  A ghost crab zombie (Swamp:3)
  5 swamp dragon zombies
  A centaur (D:15)
  8 rime drake zombies (IceCv)
  3 vampire mosquito zombies
  A yak zombie (D:12)
  10 polar bear zombies (IceCv)
  A wolf zombie (Lair:5)
  An ogre zombie (Orc:2)
  2 howler monkey zombies (D:13)
  10 orc zombies
  4 swamp drake zombies (Swamp:4)
  28 foxfires
  54 fungi
  84 plants
  35 snaplasher vines
  A withered plant (D:15)
294 creatures vanquished.

Grand Total: 1113 creatures vanquished

Notes
Turn   | Place    | Note
-------+----------+-------------------------------------------
     0 | D:1      | Lobster4 the Djinni Hedge Wizard began the quest for the
                  | Orb.
     0 | D:1      | Lobster4 set off with the following spells memorised: Magic
                  | Dart, Slow, Blink, Call Imp, Mephitic Cloud.
     0 | D:1      | Reached XP level 1. HP: 15/15 MP: 0/0
    74 | D:1      | Reached XP level 2. HP: 15/22 MP: 0/0
   331 | D:1      | Reached XP level 3. HP: 11/26 MP: 0/0
   331 | D:1      | Learned a level 1 spell: Necrotise
   817 | D:2      | Found a faded altar of an unknown god.
   841 | D:2      | Identified the ring of Nafyimax {rElec rPois rC- rN+++
                  | rCorr}
   909 | D:2      | Found Niduurr's Distillery.
   918 | D:2      | Bought a potion of degeneration for 10 gold pieces
   962 | D:2      | Reached skill level 1 in Fighting
   962 | D:2      | Reached skill level 1 in Armour
  1306 | D:2      | Bought a potion of curing for 30 gold pieces
  1397 | D:3      | Reached XP level 4. HP: 31/32 MP: 0/0
  1734 | D:3      | Found a runed translucent door.
  1735 | D:3      | Noticed Crazy Yiuf
  2029 | D:3      | Found a glowing golden altar of the Shining One.
  2031 | D:3      | Noticed Robin
  2185 | D:3      | Killed Robin
  2326 | D:3      | Reached XP level 5. HP: 30/37 MP: 0/0
  2326 | D:3      | Learned a level 2 spell: Searing Ray
  2667 | D:4      | Reached skill level 1 in Staves
  2667 | D:4      | Reached skill level 1 in Evocations
  2898 | D:4      | Found a transporter.
  2900 | D:4      | Found a transporter.
  2906 | D:4      | Noticed a small abomination
  2908 | D:4      | Found a one-way gate to the infinite horrors of the Abyss.
  2908 | D:4      | Noticed olddryhag's ghost (amateur DsGl)
  2926 | D:4      | Reached skill level 2 in Fighting
  2926 | D:4      | Reached XP level 6. HP: 22/43 MP: 0/0
  3257 | D:4      | Found a white marble altar of Elyvilon.
  3543 | D:4      | Noticed a toenail golem
  3701 | D:5      | Entered Level 5 of the Dungeon
  3758 | D:5      | Noticed an ice beast
  3770 | D:5      | Reached XP level 7. HP: 28/49 MP: 0/0
  3770 | D:5      | Learned a level 2 spell: Lesser Beckoning
  3781 | D:5      | Reached skill level 3 in Fighting
  4221 | D:5      | Reached XP level 8. HP: 51/56 MP: 0/0
  4464 | D:5      | Found a hide-covered altar of Uskayaw.
  4489 | D:5      | Found a sacrificial altar of Ru.
  4648 | D:5      | Reached skill level 4 in Fighting
  4955 | D:6      | Noticed Menkaure
  4964 | D:6      | Killed Menkaure
  5203 | D:6      | Reached skill level 5 in Fighting
  5251 | D:6      | Found a staircase to the Ecumenical Temple.
  5258 | Temple   | Entered the Ecumenical Temple
  5339 | Temple   | Became a worshipper of Nemelex Xobeh the Trickster
  5351 | D:6      | Reached skill level 1 in Invocations
  5552 | D:6      | Reached XP level 9. HP: 59/65 MP: 0/0
  5552 | D:6      | Learned a level 4 spell: Animate Dead
  5555 | D:6      | Reached skill level 5 in Spellcasting
  6140 | D:7      | Reached skill level 6 in Fighting
  7081 | D:8      | Found a glowing silver altar of Zin.
  7133 | D:8      | Reached skill level 7 in Fighting
  7142 | D:8      | HP: 1/68 [yak (2)]
  7420 | D:8      | Reached XP level 10. HP: 72/76 MP: 0/0
  7525 | D:8      | Reached * piety under Nemelex Xobeh
  8048 | D:9      | Reached skill level 8 in Fighting
  8725 | D:9      | Received a gift from Nemelex Xobeh
  8729 | D:9      | Noticed a two-headed ogre
  8731 | D:9      | Killed a two-headed ogre
  8732 | D:9      | Reached skill level 9 in Fighting
  8992 | D:9      | Found a stormy altar of Qazlal.
  8992 | D:9      | Found an iron altar of Okawaru.
  9731 | D:9      | Reached skill level 1 in Shields
  9731 | D:9      | Reached XP level 11. HP: 79/85 MP: 0/0
  9731 | D:9      | Learned a level 4 spell: Cause Fear
  9756 | D:9      | Found a staircase to the Orcish Mines.
  9877 | D:10     | Entered Level 10 of the Dungeon
  9877 | D:10     | Noticed a boulder beetle
  9877 | D:10     | Noticed a two-headed ogre
  9908 | D:10     | Noticed a two-headed ogre
  9915 | D:10     | Killed a two-headed ogre
 10008 | D:10     | Killed a boulder beetle
 10009 | D:10     | Reached skill level 10 in Fighting
 10083 | D:10     | Killed a two-headed ogre
 10264 | D:10     | Noticed a wizard
 10371 | D:10     | Reached ** piety under Nemelex Xobeh
 10768 | D:10     | Received a gift from Nemelex Xobeh
 11682 | D:11     | Noticed an elephant
 11776 | D:11     | Killed an elephant
 11974 | D:11     | Found a staircase to the Lair.
 12252 | D:11     | Reached *** piety under Nemelex Xobeh
 12252 | D:11     | Received a gift from Nemelex Xobeh
 12357 | D:11     | Noticed a white ugly thing
 12373 | D:11     | Killed a white ugly thing
 12627 | Orc:1    | Entered Level 1 of the Orcish Mines
 12806 | Orc:1    | Noticed an orc knight
 12852 | Orc:1    | Killed an orc knight
 13324 | Orc:1    | Received a gift from Nemelex Xobeh
 13493 | Orc:1    | Reached XP level 12. HP: 84/93 MP: 0/0
 13760 | Orc:1    | Reached skill level 11 in Fighting
 13863 | Orc:2    | Entered Level 2 of the Orcish Mines
 13925 | Orc:2    | Noticed an orc warlord
 14318 | Orc:2    | Found a staircase to the Elven Halls.
 14635 | Lair:1   | Entered Level 1 of the Lair of Beasts
 15199 | D:11     | Reached skill level 5 in Shields
 15199 | D:11     | Reached skill level 5 in Evocations
 15822 | Lair:1   | Received a gift from Nemelex Xobeh
 15845 | Lair:1   | Reached **** piety under Nemelex Xobeh
 15911 | Lair:1   | Noticed Amaemon
 15918 | Lair:1   | Killed Amaemon
 15939 | Lair:1   | Noticed a death yak
 15940 | Lair:1   | Noticed a death yak
 15954 | Lair:1   | Noticed a death yak
 16124 | Lair:1   | Killed a death yak
 16260 | Lair:1   | Killed a death yak
 16314 | Lair:1   | Killed a death yak
 16804 | Lair:2   | You are sucked into a shaft and drop 2 floors!
 17091 | Lair:4   | Reached skill level 12 in Fighting
 17121 | Lair:4   | Reached XP level 13. HP: 91/101 MP: 0/0
 17121 | Lair:4   | Learned a level 5 spell: Summon Forest
 17133 | Lair:4   | Identified a scroll of acquirement
 17720 | Lair:2   | Reached skill level 10 in Spellcasting
 18506 | Lair:2   | Received a gift from Nemelex Xobeh
 18747 | Lair:2   | Found a runed translucent door.
 18751 | Lair:2   | Noticed superbruh's ghost (journeyman MiFi)
 19951 | Lair:3   | Received a gift from Nemelex Xobeh
 20034 | Lair:3   | Found a hole to the Spider Nest.
 20059 | Lair:3   | Reached skill level 13 in Fighting
 20313 | Lair:3   | Reached ***** piety under Nemelex Xobeh
 20454 | Lair:3   | Noticed a catoblepas
 20472 | Lair:3   | Killed a catoblepas
 20963 | Lair:3   | Noticed Gastronok
 20982 | Lair:3   | HP: 2/103 [Gastronok/the air (17)]
 20985 | Lair:3   | Killed Gastronok
 21227 | Lair:3   | Received a gift from Nemelex Xobeh
 21611 | Lair:3   | Found a staircase to the Swamp.
 21857 | Lair:4   | Reached XP level 14. HP: 100/110 MP: 0/0
 21990 | Lair:4   | Found a runed translucent door.
 21990 | Lair:4   | Found a viscous altar of Jiyva.
 21990 | Lair:4   | Found a staircase to the Slime Pits.
 22632 | Lair:4   | Found the +3 pair of seven-league boots {Rampage+∞}
 23145 | Lair:5   | Entered Level 5 of the Lair of Beasts
 23646 | Lair:5   | Reached skill level 10 in Evocations
 23799 | Lair:5   | Reached skill level 14 in Fighting
 25764 | Lair:5   | Reached XP level 15. HP: 118/118 MP: 0/0
 25764 | Lair:5   | Learned a level 6 spell: Death Channel
 25808 | Lair:5   | Identified the +1 mace "Hakoss" {venom, Str+3}
 25922 | Lair:5   | Received a gift from Nemelex Xobeh
 26477 | D:12     | Received a gift from Nemelex Xobeh
 26887 | D:12     | Received a gift from Nemelex Xobeh
 26999 | D:12     | Received a gift from Nemelex Xobeh
 27507 | D:12     | Received a gift from Nemelex Xobeh
 28192 | D:13     | Found an iron altar of Okawaru.
 28228 | D:13     | Received a gift from Nemelex Xobeh
 28576 | Spider:1 | Entered Level 1 of the Spider Nest
 28639 | Swamp:1  | Entered Level 1 of the Swamp
 28639 | Swamp:1  | Noticed Nikola
 28649 | Swamp:1  | Killed Nikola
 28650 | Swamp:1  | Reached skill level 15 in Fighting
 28725 | Swamp:1  | Reached skill level 5 in Dodging
 29171 | Swamp:1  | Reached skill level 5 in Armour
 29430 | Swamp:1  | Received a gift from Nemelex Xobeh
 30167 | Swamp:2  | HP: 5/120 [alligator (3)]
 30495 | Swamp:2  | Noticed a thorn hunter
 30531 | Lair:3   | Upgraded the game from 0.30-a0-728-gc68057be0a to
                  | 0.30-a0-737-gf23d94013f
 30558 | Swamp:2  | Noticed a fenstrider witch
 30566 | Swamp:2  | Killed a fenstrider witch
 30635 | Swamp:2  | Killed a thorn hunter
 30783 | Swamp:2  | Reached skill level 5 in Invocations
 31177 | Swamp:3  | Upgraded the game from 0.30-a0-737-gf23d94013f to
                  | 0.30-a0-738-g116ff8c4af
 31178 | Swamp:3  | Reached ****** piety under Nemelex Xobeh
 31401 | Swamp:3  | Reached XP level 16. HP: 69/126 MP: 0/0
 31678 | Swamp:3  | Received a gift from Nemelex Xobeh
 31912 | Swamp:3  | Identified the +3 plate armour of the Saviour {Harm}
 32159 | Swamp:3  | Noticed a thorn hunter
 32170 | Swamp:3  | Killed a thorn hunter
 32889 | Swamp:3  | Reached skill level 16 in Fighting
 33508 | Swamp:3  | Noticed a tentacled monstrosity
 33530 | Swamp:3  | Killed a tentacled monstrosity
 33563 | Swamp:3  | Received a gift from Nemelex Xobeh
 34134 | Swamp:4  | Entered Level 4 of the Swamp
 34308 | Swamp:4  | Noticed a fenstrider witch
 34892 | Swamp:4  | Killed a fenstrider witch
 34930 | Swamp:4  | Reached XP level 17. HP: 114/135 MP: 0/0
 34930 | Swamp:4  | Learned a level 7 spell: Ozocubu's Refrigeration
 34967 | Swamp:4  | Noticed Louise
 34975 | Swamp:4  | Killed Louise
 36201 | Swamp:4  | Reached skill level 17 in Fighting
 36201 | Swamp:4  | Noticed the 27-headed Lernaean hydra
 36704 | Swamp:4  | Killed the 27-headed Lernaean hydra
 37048 | Swamp:4  | Got a decaying rune of Zot
 37442 | D:3      | Killed Crazy Yiuf
 37559 | D:4      | Found the +8 demon trident "Rift" {distort, reach+}
 37572 | D:4      | Killed olddryhag's ghost
 38561 | D:14     | Noticed Josephine
 38569 | D:14     | Killed Josephine
 38616 | D:14     | Your ally Josephine died
 38643 | D:14     | Found a frozen archway.
 38875 | IceCv    | Entered an ice cave
 39129 | IceCv    | Reached skill level 10 in Dodging
 39458 | IceCv    | Noticed a shard shrike
 39480 | IceCv    | Killed a shard shrike
 39485 | IceCv    | HP: 6/137 [ironbound frostheart] (4)]
 39515 | IceCv    | Reached XP level 18. HP: 38/143 MP: 0/0
 39779 | IceCv    | Identified the amulet of Imyw {Spirit rCorr}
 40781 | D:14     | Received a gift from Nemelex Xobeh
 40978 | D:14     | Found a gate to the Vaults.
 40980 | D:14     | Killed Lodul
 41138 | D:14     | You are sucked into a shaft and drop 1 floor!
 41138 | D:15     | Entered Level 15 of the Dungeon
 41138 | D:15     | Found a shadowy altar of Dithmenos.
 41466 | D:15     | Reached skill level 18 in Fighting
 41946 | D:14     | Noticed Nessos
 41972 | D:14     | Killed Nessos
 42752 | D:15     | Received a gift from Nemelex Xobeh
 42848 | D:15     | Found a staircase to the Depths.
 42961 | D:15     | Noticed Huashrat's ghost (adept FoFi)
 42962 | D:15     | Found a runed translucent door.
 43288 | Lair:2   | Killed superbruh's ghost
 43705 | Orc:2    | Found Cajisk's Distillery.
 44321 | Orc:2    | Found Wuntyl's General Store.
 44330 | Orc:2    | Bought a wand of roots (3) for 100 gold pieces
 44330 | Orc:2    | Bought a potion of heal wounds for 70 gold pieces
 44330 | Orc:2    | Bought a potion of curing for 42 gold pieces
 44405 | Orc:2    | Received a gift from Nemelex Xobeh
 44416 | Orc:2    | Noticed Blork the orc
 44423 | Orc:2    | Killed Blork the orc
 44442 | Orc:2    | Slain by an orc knight

Illustrated notes

Levels and vault maps discovered:
D:1:      minmay_arrival_three_doors, layout_loops_ring
D:2:      layout_rooms, serial_shops, shop, ebering_ecumenical_altar_abandoned
D:3:      layout_basic, mainiacjoe_overflow_six_doors_small, uniq_robin,
          uniq_crazy_yiuf_cottage
D:4:      layout_basic, kennysheep_little_box, gammafunk_ghost_abyssal_escape,
          nrook_loot_triangle
D:5:      layout_basic, nicolae_ru_great_annihilating_truth,
          mainiacjoe_overflow_chevrons
D:6:      layout_basic, minmay_temple_entry_glass, uniq_menkaure
D:7:      layout_rooms
D:8:      layout_loops_ring, zin_scriptorium
D:9:      layout_basic, grunt_temple_overflow_open, erik_orc_1
D:10:     layout_small_grid, dreamdust_mushroom_princess, minmay_librarian
D:11:     layout_grid_maze, david_lair_generic
D:12:     layout_layer_cave
D:13:     layout_long_grid, okawaru_gym_becter
D:14:     layout_basic, lightli_vaults_fourway_checkpoint, solitary_fountain,
          portal_ice_cave_entry_ice_simulacra, uniq_josephine, uniq_lodul,
          uniq_nessos
D:15:     hangedman_depths_entry_civil_slaughter, layout_rooms,
          gammafunk_ghost_grave, dreamdust_princess_bridge,
          grunt_dithmenos_smoke
Temple:   zaba_magenta_temple
Lair:1:   layout_cave_shapes, grunt_megastairs_4, serial_bayou_shore_b,
          serial_bayou_shore_a, uniq_amaemon
Lair:2:   layout_gridlike, ebering_ghost_reflecting_pool,
          pdpol_lair_cavern_descent, grunt_megastairs_3
Lair:3:   layout_gridlike, minmay_swamp_entry_worms, dummy_spider_entry,
          nicolae_quartered_pool_impasse, grunt_forest_stairs_basic,
          serial_bayou_pond_a, kennysheep_basilisk_garden, grunt_megastairs_2,
          uniq_gastronok
Lair:4:   layout_big_grid, slime_entry_2,
          hellmonk_guarded_unrand_seven_league_boots, serial_bayou_shore_b
Lair:5:   grunt_lair_end_beastmaster, layout_small_grid,
          infiniplex_staircase_pool_2
Swamp:1:  layout_basic_swamp, evilmike_swamp_ruin_rubble_2,
          nicolae_swamp_frolicking_bunyips, uniq_nikola
Swamp:2:  layout_falls_marsh, nicolae_swamp_well_well_well
Swamp:3:  nzn_winding_woodlands_three_and_one
          [nzn_winding_woodlands_5x15_sidewinder,
          nzn_winding_woodlands_5x15_jagged, nzn_winding_woodlands_5x15_pockets,
          nzn_winding_woodlands_center_garden], layout_basic_swamp,
          nicolae_swamp_triple_paths
Swamp:4:  swamp_basic_johnstein, layout_basic_swamp, cheibrodos_swamp_minitomb,
          uniq_louise
Spider:1: layout_cave_pods, nicolae_spider_bug_shape
Orc:1:    nicolae_orc_accident_1, layout_caves
Orc:2:    grunt_orc_cross, layout_caves, serial_shops, shop,
          nicolae_square_shop, basic_altar

Skill      XL: |  1  2  3  4  5  6  7  8  9 10 11 12 13 14 15 16 17 18 |
---------------+-------------------------------------------------------+-----
Fighting       | 1 2 3 5 7 9 10 12 13 14 15 16 17 18 | 18.1
Armour         | 1 2 3 4 6 7 8 |  8.0
Stealth        | 2 |  2.0
Staves         | 1 2 3 |  3.0
Dodging        | 3 4 6 7 10 11 | 11.0
Evocations     | 1 2 3 4 6 9 11 | 11.3
Spellcasting   | 3 4 6 7 8 9 10 11 12 13 14 | 14.5
Invocations    | 1 3 5 |  5.0
Shields        | 1 4 6 7 8 |  8.5

Action                     |  1- 3 |  4- 6 |  7- 9 | 10-12 | 13-15 | 16-18 || total
---------------------------+-------+-------+-------+-------+-------+-------++-------
  Melee: Quarterstaff      |       |     1 |     1 |       |       |       ||     2
         Staff             |       |       |       |     8 |       |    25 ||    33
  Throw: Dart              |       |       |     4 |    34 |     5 |       ||    43
         Boomerang         |       |       |       |    58 |       |       ||    58
   Cast: Magic Dart        |    77 |   108 |    32 |   130 |   160 |    32 ||   539
         Call Imp          |       |     1 |       |    14 |     5 |    44 ||    64
         Searing Ray       |       |    18 |    53 |   196 |   258 |   149 ||   674
         Mephitic Cloud    |       |       |     2 |    29 |    22 |    10 ||    63
         Blink             |       |       |     1 |       |     4 |       ||     5
         Necrotise         |       |       |       |     2 |     7 |       ||     9
         Animate Dead      |       |       |       |     4 |    17 |    42 ||    63
         Slow              |       |       |       |     7 |       |     2 ||     9
         Summon Forest     |       |       |       |       |    52 |    72 ||   124
         Death Channel     |       |       |       |       |     3 |    23 ||    26
         Ozocubu's Refrige |       |       |       |       |       |     6 ||     6
 Invoke: Draw Destruction  |       |       |       |     3 |       |     7 ||    10
         Draw Summoning    |       |       |       |     1 |       |     6 ||     7
         Draw Escape       |       |       |       |     1 |       |     4 ||     5
         Deal Four         |       |       |       |       |       |     1 ||     1
  Evoke: Wand              |       |       |     1 |    16 |     7 |    18 ||    42
         Lightning rod     |       |       |       |     4 |     1 |     9 ||    14
         Condenser vane    |       |       |       |       |       |     1 ||     1
    Use: Scroll            |       |    11 |     5 |    15 |    12 |    15 ||    58
         Potion            |       |     2 |     1 |     4 |     4 |    10 ||    21
   Stab: Distracted        |       |       |       |       |       |     1 ||     1
 Armour: Robe              |     3 |    24 |       |       |       |       ||    27
         Leather armour    |       |    18 |    29 |    16 |       |       ||    63
         Animal skin       |       |       |       |    50 |   135 |   164 ||   349
  Dodge: Dodged            |     6 |    64 |    55 |   132 |   197 |   297 ||   751
  Block: Buckler           |       |       |       |    40 |    75 |   105 ||   220
         Kite shield       |       |       |       |       |       |    22 ||    22

Table legend: (Time is in decaauts)
 A = Elapsed time spent in this place.
 B = Non-inter-level travel time spent in this place.
 C = Inter-level travel time spent in this place.
 D = Time resting spent in this place.
 E = Time spent auto-exploring this place.
 F = Levels seen in this place.
 G = Mean time per level.
                   A        B        C        D        E       F      G
               +--------+--------+--------+--------+--------+-----+--------+
         Total |  44519 |  41401 |   3118 |  13987 |  17981 |  29 | 1535.1 |
       Dungeon |  20278 |  18458 |   1820 |   4242 |  10867 |  15 | 1351.9 |
        Temple |     85 |     82 |      3 |      0 |     48 |   1 |   85.0 |
          Lair |  11235 |  10483 |    752 |   4321 |   3705 |   5 | 2247.0 |
         Swamp |   8497 |   8047 |    450 |   3740 |   2199 |   4 | 2124.2 |
   Spider Nest |      9 |      9 |      0 |      0 |      0 |   1 |    9.0 |
  Orcish Mines |   2625 |   2534 |     91 |   1047 |    838 |   2 | 1312.5 |
      Ice Cave |   1787 |   1787 |      0 |    637 |    324 |   1 | 1787.0 |
               +--------+--------+--------+--------+--------+-----+--------+

Top non-repeatable levels by time:
 Swamp:3: 4348 daAuts
  Lair:4: 3124 daAuts
  Lair:2: 2662 daAuts
    D:11: 2422 daAuts
     D:9: 2152 daAuts
  Lair:5: 1940 daAuts
   IceCv: 1787 daAuts
  Lair:3: 1775 daAuts
    D:12: 1771 daAuts
   Orc:1: 1749 daAuts
  Lair:1: 1733 daAuts
 Swamp:1: 1680 daAuts
     D:8: 1613 daAuts
    D:10: 1502 daAuts
    D:14: 1440 daAuts
